 Dungeon Crawl Stone Soup version 0.30.1-3-gfc49f6343a (webtiles) character file.

Game seed: 5183401275079316824

6231 Wiggles the Severer (level 10, -3/78 (79) HPs)
             Began as a Minotaur Berserker on July 19, 2023.
             Was an Elder of Trog.
             Slain by Psyche
             ... wielding a +1 dagger of chaos
              (6 damage)
             ... on level 8 of the Dungeon.
             The game lasted 00:16:01 (7908 turns).

Wiggles the Severer (Minotaur Berserker)            Turns: 7908, Time: 00:16:01

HP:   -3/78 (79)    AC: 38    Str: 25    XL:     10   Next: 61%
MP:   9/9           EV:  4    Int:  4    God:    Trog [****..]
Gold: 381           SH:  0    Dex: 11    Spells: 9/9 levels left

rFire   . . .        a - +4 battleaxe
rCold   . . .        (shield currently unavailable)
rNeg    . . .        m - +16 crystal plate armour "Nugh" {Fly SInv}
rPois   +            (helmet restricted)
rElec   .            j - +1 cloak
rCorr   .            (no gloves)
SInv    +            g - +0 pair of boots
Will    .....        (no amulet) Stlth
                     y - +4 ring of protection
HPRegen 0.33/turn    E - ring of poison resistance
MPRegen 0.11/turn

%: no passive effects
@: mighty, lethally poisoned (-3 -> -8), on berserk cooldown, flying, slowed,
lightly drained, very slow
A: horns 2, retaliatory headbutt
a: Renounce Religion, Berserk, Trog's Hand, Brothers in Arms


You were on level 8 of the Dungeon.
You worshipped Trog.
Trog was greatly pleased with you.
You visited 1 branch of the dungeon, and saw 8 of its levels.
You visited the Abyss 1 time.

You collected 381 gold pieces.

Inventory:

Hand Weapons
 a - a +4 battleaxe (weapon)
Missiles
 l - 2 boomerangs (quivered)
Armour
 g - a +0 pair of boots (worn)
 j - a +1 cloak (worn)
 m - the +16 crystal plate armour "Nugh" (worn) {Fly SInv}
   (You acquired it on level 6 of the Dungeon)

   SInv:      It lets you see invisible.
   Fly:       It grants you flight.
Jewellery
 d - a +6 ring of dexterity
 e - a +4 ring of protection
 y - a +4 ring of protection (left hand)
 E - a ring of poison resistance (right hand)
Wands
 o - a wand of charming (15)
 q - a wand of iceblast (12)
 u - a wand of light (1)
Scrolls
 c - 2 scrolls of teleportation
 i - a scroll of summoning
 x - 2 scrolls of blinking
Potions
 b - a potion of haste {unknown}
 f - a potion of might
 h - 3 potions of invisibility
 k - a potion of experience {unknown}
 n - 3 potions of flight
 p - a potion of attraction {unknown}
 t - 2 potions of lignification
 v - 2 potions of brilliance


   Skills:
 - Level 4.2 Fighting
 + Level 15.9 Axes
 + Level 1.7 Throwing
 - Level 2.7 Armour
 - Level 2.4 Dodging
 + Level 10.3 Shields
 + Level 0.1 Evocations


You had 9 spell levels left.
You didn't know any spells.
Your spell library was empty.

Dungeon Overview and Level Annotations

Branches:
Dungeon (8/15)             Temple (0/1) D:6
   Lair: D:8-11

Altars:
Fedhas
Kikubaaqudgha
Sif Muna
Trog
Uskayaw
Vehumet

Shops:
D:2 [

Annotations:
D:8 Psyche


Innate Abilities, Weirdness & Mutations

You have a pair of horns on your head.
You reflexively headbutt those who attack you in melee.


Message History

Psyche gestures wildly while chanting.
A swirling arc of seething chaos appears!
The arc of chaos hits you but does no damage.
You are more poisoned.
You resist.
The arc of chaos hits you but does no damage.
Psyche casts a spell.
A swirling arc of seething chaos appears!
The arc of chaos hits you but does no damage.
The arc of chaos hits you.
* * * LOW HITPOINT WARNING * * *
You miss Psyche. Your headbutt misses Psyche.
You feel sick.
Psyche gestures wildly while chanting.
Psyche flickers and vanishes for a moment.
Psyche looks encouraged for a moment.
You're too confused to move!
You feel sick. Psyche hits you but does no damage.
Psyche casts a cantrip, but nothing happens.
You closely miss Psyche. Your headbutt misses Psyche.
You feel sick. Psyche hits you but does no damage. x2
You're too confused to move!
You feel less confused.
You feel sick.
Psyche says, "Once you're dead we can play together!"
Psyche casts a spell.
A swirling arc of seething chaos appears!
The arc of chaos hits you but does no damage.
You are lethally poisoned!
You resist.
The arc of chaos hits you but does no damage.
Psyche gestures wildly while chanting.
A swirling arc of seething chaos appears!
The arc of chaos hits you but does no damage.
The arc of chaos hits you.
You feel drained.
* * * LOW HITPOINT WARNING * * *
You slash Psyche!
Psyche is moderately wounded.
* * * LOW HITPOINT WARNING * * *
You feel very sick.
Psyche hits you with a +1 dagger of chaos.
You die...

##.......# .......
##.....## .......
##....# ...... ##..## .
..... ##..## ..##...
#...# ....... ##..##
#.....## ##..##
#.@#####..####
####.@.......#..##
#............##...####
....[.................
.......................
.......)..#.###########
##.......#### ####..###
###


You could see Psyche (empowered, invisible).

Vanquished Creatures
  2 thrashing horrors (Abyss:2)
  Pikel (D:5)
  Maggie (D:8)
  A smoke demon (Abyss:2)
  An ancient zyme (Abyss:2)
  Grinder (D:5)
  Sigmund (D:5)
  Menkaure (D:7)
  2 water moccasins
  The ghost of Gorgoleon the Shooter, an amateur SpHu (D:3)
  A sky beast (D:7)
  2 ice beasts (D:5)
  An orc warrior (D:8)
  2 ogres
  3 centaurs
  A lemure (D:5)
  A bullfrog (D:6)
  4 scorpions
  6 wights (D:7)
  4 killer bees (D:7)
  2 electric eels (D:6)
  2 howler monkeys (D:6)
  2 hounds
  Crazy Yiuf (D:6)
  A gnoll bouda (D:5)
  4 jellies
  2 orc priests
  5 starcursed masses (Abyss:2)
  6 iguanas
  Ijyb (D:3)
  4 orc wizards
  9 gnolls
  7 adders
  A white imp (D:3)
  A worm (D:3)
  3 dart slugs
  17 orcs
  5 ball pythons
  8 endoplasms
  7 giant cockroaches
  5 goblins
  10 hobgoblins
  4 jackals (D:2)
  3 quokkas
  7 bats
  6 frilled lizards
  3 kobolds
  5 rats
168 creatures vanquished.

Notes
Turn   | Place    | Note
-------+----------+-------------------------------------------
     0 | D:1      | Wiggles the Minotaur Berserker began the quest for the Orb.
     0 | D:1      | Reached XP level 1. HP: 19/19 MP: 0/0
   219 | D:1      | Reached skill level 4 in Axes
   219 | D:1      | Reached XP level 2. HP: 26/27 MP: 1/1
   388 | D:1      | Reached XP level 3. HP: 33/33 MP: 2/2
   644 | D:1      | Reached ** piety under Trog
   921 | D:2      | Reached skill level 5 in Axes
  1147 | D:2      | Reached XP level 4. HP: 40/40 MP: 3/3
  1308 | D:2      | Found Gaptuw's Antique Armour Shoppe.
  1508 | D:3      | Noticed Ijyb
  1515 | D:3      | Reached skill level 1 in Shields
  1526 | D:3      | Killed Ijyb
  1662 | D:3      | Found a shimmering blue altar of Sif Muna.
  1695 | D:3      | Reached XP level 5. HP: 38/46 MP: 4/4
  1725 | D:3      | Found a bloodstained altar of Trog.
  1826 | D:3      | Reached skill level 1 in Throwing
  1870 | D:3      | Reached *** piety under Trog
  1871 | D:3      | Reached skill level 6 in Axes
  1962 | D:3      | Found a blossoming altar of Fedhas.
  1963 | D:3      | Found a radiant altar of Vehumet.
  2295 | D:3      | Found a runed translucent door.
  2465 | D:3      | Noticed Gorgoleon's ghost (amateur SpHu)
  2475 | D:3      | Killed Gorgoleon's ghost
  2476 | D:3      | Reached XP level 6. HP: 52/52 MP: 5/5
  2870 | D:4      | Reached skill level 7 in Axes
  3394 | D:5      | Entered Level 5 of the Dungeon
  3399 | D:5      | Noticed Grinder
  3409 | D:5      | Killed Grinder
  3410 | D:5      | Reached skill level 5 in Shields
  3410 | D:5      | Reached XP level 7. HP: 41/59 MP: 6/6
  3412 | D:5      | Reached skill level 8 in Axes
  3479 | D:5      | Noticed Sigmund
  3486 | D:5      | Killed Sigmund
  3585 | D:5      | Noticed Pikel
  3600 | D:5      | Killed Pikel
  3601 | D:5      | Reached skill level 10 in Axes
  3601 | D:5      | Reached XP level 8. HP: 35/66 MP: 7/7
  4250 | D:5      | Reached skill level 11 in Axes
  4487 | D:5      | Reached XP level 9. HP: 55/71 MP: 8/8
  4914 | D:6      | Found a staircase to the Ecumenical Temple.
  5305 | D:6      | Found an ancient bone altar of Kikubaaqudgha.
  5520 | D:6      | Found a runed translucent door.
  5521 | D:6      | Noticed Crazy Yiuf
  5528 | D:6      | Killed Crazy Yiuf
  6213 | D:6      | Identified a scroll of acquirement
  6213 | D:6      | Acquired the +16 crystal plate armour "Nugh" {Fly SInv}
  6373 | D:7      | Reached skill level 12 in Axes
  6426 | D:7      | Noticed Menkaure
  6431 | D:7      | Killed Menkaure
  6443 | D:7      | Reached skill level 10 in Shields
  6443 | D:7      | Reached **** piety under Trog
  7069 | D:7      | Reached skill level 13 in Axes
  7352 | D:8      | Noticed Maggie
  7363 | D:8      | Killed Maggie
  7485 | D:8      | Found a hide-covered altar of Uskayaw.
  7508 | D:8      | Reached XP level 10. HP: 79/79 MP: 9/9
  7610 | D:8      | Noticed Psyche
  7616 | Abyss:2  | Found a corrupted altar of Lugonu.
  7616 | Abyss:2  | Cast into level 2 of the Abyss (Psyche)
  7623 | Abyss:2  | Found a corrupted altar of Lugonu.
  7659 | Abyss:2  | Reached skill level 14 in Axes
  7726 | Abyss:2  | Noticed a smoke demon
  7733 | Abyss:2  | Noticed a starcursed mass
  7765 | Abyss:2  | Killed a starcursed mass
  7767 | Abyss:2  | Killed a smoke demon
  7771 | Abyss:2  | Killed a starcursed mass
  7792 | Abyss:2  | Noticed a tentacled starspawn
  7799 | Abyss:2  | Noticed a thrashing horror
  7842 | Abyss:2  | Found a corrupted altar of Lugonu.
  7875 | Abyss:2  | Noticed a thrashing horror
  7875 | Abyss:2  | Noticed a thrashing horror
  7895 | Abyss:2  | Killed a thrashing horror
  7896 | Abyss:2  | Reached skill level 15 in Axes
  7899 | Abyss:2  | Killed a thrashing horror
  7902 | D:8      | Escaped the Abyss
  7908 | D:8      | HP: 3/78 [poisoned by Psyche (arc of chaos)]
  7908 | D:8      | Slain by Psyche

Illustrated notes

Levels and vault maps discovered:
D:1:      dpeg_arrival_rooms_c, layout_basic, minmay_pentomino_u2
D:2:      layout_loops_ring, serial_shops, nicolae_lakefront_shop
D:3:      layout_loops_ring, nzn_overflow_gifts_of_might_and_magic,
          fedhas_altar_2, mainiacjoe_overflow_alcove_1,
          ebering_ghost_reflecting_pool, small_statue_intersection, uniq_ijyb
D:4:      layout_loops_ring, hangedman_decor_growths
D:5:      layout_loops_ring, uniq_pikel, uniq_grinder, uniq_sigmund
D:6:      layout_layer_cave, mainiacjoe_overflow_surrounded_room,
          minmay_temple_entry_stoned_glass, kennysheep_donut,
          uniq_crazy_yiuf_cottage
D:7:      layout_loops_ring, uniq_menkaure
D:8:      layout_cave_pods, mainiacjoe_overflow_boulevard, uniq_psyche,
          uniq_maurice, uniq_maggie

Skill      XL: |  1  2  3  4  5  6  7  8  9 10 |
---------------+-------------------------------+-----
Axes           | 4 5 6 7 10 11 13 15 | 15.9
Fighting       | 4 |  4.2
Shields        | 2 3 5 7 8 10 | 10.3
Throwing       | 1 |  1.7
Armour         | |  2.7
Dodging        | |  2.4
Evocations     | |  0.1

Action                     |  1- 3 |  4- 6 |  7- 9 | 10-12 || total
---------------------------+-------+-------+-------+-------++-------
  Melee: Hand axe          |    95 |   187 |   171 |       ||   453
         Headbutt          |    14 |    20 |    40 |     9 ||    83
         Battleaxe         |       |       |    50 |    43 ||    93
         War axe           |       |       |     4 |       ||     4
  Throw: Boomerang         |     7 |       |     3 |       ||    10
 Invoke: Berserk           |       |     2 |     4 |     2 ||     8
  Evoke: Wand              |       |       |     1 |       ||     1
    Use: Scroll            |       |       |    18 |     1 ||    19
         Potion            |       |       |       |     4 ||     4
 Armour: Animal skin       |     9 |       |       |       ||     9
         Plate armour      |    15 |    97 |    55 |       ||   167
         Crystal plate arm |       |       |    50 |   108 ||   158
  Dodge: Dodged            |    48 |    30 |    38 |    21 ||   137
  Block: Tower shield      |    27 |    94 |   117 |       ||   238
